MLB
CLEVELAND GUARDIANS @ OAKLAND ATHLETICS
06/12/2030
 
TOP OF THE 1ST
Cleveland Guardians batting - Pitching for Oakland Athletics : RHP Cristian Javier
Pitching: RHP Cristian Javier
Batting: RHB Gabe White Jr. 0-0: Ball
1-0: Ball
2-0: Called Strike
2-1: Swinging Strike
2-2: Ball
3-2: Foul Ball, location: 23FF
3-2: Foul Ball, location: 2F
3-2: Fly out, F7 (Flyball, 7, EV 88.1 MPH)
Batting: LHB Chris Lorentz 0-0: Ball
1-0: Fly out, F9 (Flyball, 9, EV 83.8 MPH)
Batting: RHB Pat Hill 0-0: Ground out 6-3 (Groundball, 6, EV 77.5 MPH)
Top of the 1st over - 0 runs, 0 hits, 0 errors, 0 left on base; Cleveland 0 - Oakland 0
BOTTOM OF THE 1ST
Oakland Athletics batting - Pitching for Cleveland Guardians : RHP Tahnaj Thomas
Pitching: RHP Tahnaj Thomas
Batting: RHB Josh Crowley 0-0: Swinging Strike
0-1: Called Strike
0-2: Ball
1-2: Ball
2-2: Ball
3-2: Strikes out swinging
Batting: SHB Francisco Lindor 0-0: Ground out U3 (Groundball, 3S, EV 69.4 MPH)
Batting: LHB Quon Ng 0-0: Ball
1-0: Foul Ball, location: 25F
1-1: SINGLE (Line Drive, 4D, EV 96.9 MPH)
Batting: LHB Ben Hallock 0-0: Called Strike
0-1: Called Strike
0-2: Ball
1-2: Ball
2-2: Ball
3-2: Strikes out swinging
Bottom of the 1st over - 0 runs, 1 hit, 0 errors, 1 left on base; Cleveland 0 - Oakland 0
TOP OF THE 2ND
Cleveland Guardians batting - Pitching for Oakland Athletics : RHP Cristian Javier
Batting: SHB Alex Vallejo 0-0: Ball
1-0: Called Strike
1-1: Ball
2-1: Fly out, F8 (Flyball, 78M, EV 93.8 MPH)
Batting: SHB Joseph Robinson 0-0: Foul Ball, location: 25F
0-1: Foul Ball, location: 3F
0-2: Ball
1-2: Fly out, F8 (Line Drive, 78M, EV 106.3 MPH)
Batting: LHB Sandy Livermore 0-0: Called Strike
0-1: Called Strike
0-2: Ball
1-2: Strikes out swinging
Top of the 2nd over - 0 runs, 0 hits, 0 errors, 0 left on base; Cleveland 0 - Oakland 0
BOTTOM OF THE 2ND
Oakland Athletics batting - Pitching for Cleveland Guardians : RHP Tahnaj Thomas
Batting: SHB Chris Carey 0-0: Ball
1-0: Foul Ball, location: 23F
1-1: Ball
2-1: Ball
3-1: Base on Balls
Batting: LHB Seth Beer 0-0: Called Strike
0-1: Ball
1-1: Swinging Strike
1-2: Strikes out looking
Batting: RHB Yemal Flores 0-0: Ball
Passed Ball!
Chris Carey to second
1-0: Ball
2-0: Swinging Strike
2-1: Ball
3-1: Called Strike
3-2: DOUBLE (Flyball, 78XD, EV 100.6 MPH)
Chris Carey scores
Batting: RHB Eddie Burton 0-0: Called Strike
0-1: SINGLE (Line Drive, 78M, EV 110.0 MPH)
Yemal Flores to third
Batting: RHB Danny Cortes 0-0: Ball
1-0: Foul Ball, location: 9LSF
1-1: Ball
2-1: Ball
3-1: Base on Balls
Eddie Burton to second
Batting: RHB Josh Crowley 0-0: Fly out, F8 (Flyball, 8LD, EV 94.4 MPH)
Runner from 3rd tags up, SCORES, throw by CF
Eddie Burton to third
Batting: SHB Francisco Lindor 0-0: Ball
1-0: Ball
2-0: Ball
3-0: Base on Balls
Danny Cortes to second
Batting: LHB Quon Ng 0-0: Foul Ball, location: 2LF
0-1: Foul Ball, location: 7LDF
0-2: Foul Ball, location: 23F
0-2: Fly out, F8 (Flyball, 8RM, EV 91.9 MPH)
Bottom of the 2nd over - 2 runs, 2 hits, 0 errors, 3 left on base; Cleveland 0 - Oakland 2
TOP OF THE 3RD
Cleveland Guardians batting - Pitching for Oakland Athletics : RHP Cristian Javier
Batting: LHB Trent Grisham 0-0: Ball
1-0: Called Strike
1-1: Ground out 1-3 (Groundball, 13S, EV 63.8 MPH)
Batting: RHB Will Smith 0-0: Called Strike
0-1: Ball
1-1: Ball
2-1: Foul Ball, location: 2F
2-2: Fly out, F8 (Flyball, 8RM, EV 101.3 MPH)
Batting: LHB Jim Wolford 0-0: Called Strike
0-1: Foul Ball, location: 5SF
0-2: Strikes out swinging
Top of the 3rd over - 0 runs, 0 hits, 0 errors, 0 left on base; Cleveland 0 - Oakland 2
BOTTOM OF THE 3RD
Oakland Athletics batting - Pitching for Cleveland Guardians : RHP Tahnaj Thomas
Batting: LHB Ben Hallock 0-0: Swinging Strike
0-1: Foul Ball, location: 3F
0-2: Strikes out swinging, 2-3 out at first.
Batting: SHB Chris Carey 0-0: SINGLE (Flyball, 7LM, EV 106.3 MPH)
Batting: LHB Seth Beer 0-0: Ball
1-0: Ball
2-0: Called Strike
2-1: Ball
3-1: Base on Balls
Chris Carey to second
Batting: RHB Yemal Flores 0-0: Called Strike
0-1: Foul Ball, location: 2F
0-2: Ball
1-2: Grounds into double play, 6-4-3 (Groundball, 6, EV 106.3 MPH)
Bottom of the 3rd over - 0 runs, 1 hit, 0 errors, 1 left on base; Cleveland 0 - Oakland 2
TOP OF THE 4TH
Cleveland Guardians batting - Pitching for Oakland Athletics : RHP Cristian Javier
Batting: RHB Gabe White Jr. 0-0: Called Strike
0-1: Ball
1-1: Foul Ball, location: 2F
1-2: Ball
2-2: Ball
3-2: Ground out 5-3 (Groundball, 56S, EV 91.3 MPH)
Batting: LHB Chris Lorentz 0-0: Ball
1-0: Fly out, F8 (Line Drive, 8RM, EV 86.9 MPH)
Batting: RHB Pat Hill 0-0: Called Strike
0-1: Ball
1-1: Foul Ball, location: 9LMF
1-2: Strikes out swinging
Top of the 4th over - 0 runs, 0 hits, 0 errors, 0 left on base; Cleveland 0 - Oakland 2
BOTTOM OF THE 4TH
Oakland Athletics batting - Pitching for Cleveland Guardians : RHP Tahnaj Thomas
Batting: RHB Eddie Burton 0-0: DOUBLE (Line Drive, 7LD, EV 99.4 MPH)
Batting: RHB Danny Cortes 0-0: Foul Ball, location: 5FF
0-1: Ground out 1-3 (Groundball, 15S, EV 68.1 MPH)
Batting: RHB Josh Crowley 0-0: Swinging Strike
0-1: Foul Ball, location: 2F
0-2: Ball
1-2: Fly out, F7 (Flyball, 78M, EV 95.6 MPH)
Batting: SHB Francisco Lindor 0-0: Called Strike
0-1: Foul Ball, location: 2F
0-2: Ball
1-2: SINGLE (Groundball, 56D, EV 103.1 MPH)
Eddie Burton to third
Runner from 3rd tries for Home, SAFE, throw by LF to home
Batting: LHB Quon Ng 0-0: Ball
1-0: Ball
2-0: Ball
3-0: SINGLE (Flyball, 78S, EV 90.6 MPH)
Francisco Lindor to second
Runner from 2nd tries for 3rd, SAFE, no throw by CF
Batting: LHB Ben Hallock 0-0: Called Strike
0-1: Ball
1-1: Foul Ball, location: 7LMF
1-2: Strikes out swinging
Bottom of the 4th over - 1 run, 3 hits, 0 errors, 2 left on base; Cleveland 0 - Oakland 3
TOP OF THE 5TH
Cleveland Guardians batting - Pitching for Oakland Athletics : RHP Cristian Javier
Batting: SHB Alex Vallejo 0-0: Called Strike
0-1: DOUBLE (Groundball, 5L, EV 109.4 MPH)
Batting: SHB Joseph Robinson 0-0: Ball
1-0: Ball
2-0: Ball
3-0: Ground out 1-3 (Groundball, 13S, EV 68.1 MPH)
Batting: LHB Sandy Livermore 0-0: Called Strike
0-1: Ball
1-1: Ball
2-1: Ball
3-1: Swinging Strike
3-2: Base on Balls
Batting: LHB Trent Grisham 0-0: Called Strike
0-1: Grounds into double play, 6-4-3 (Groundball, 6, EV 85.0 MPH)
Top of the 5th over - 0 runs, 1 hit, 0 errors, 1 left on base; Cleveland 0 - Oakland 3
BOTTOM OF THE 5TH
Oakland Athletics batting - Pitching for Cleveland Guardians : RHP Tahnaj Thomas
Batting: SHB Chris Carey 0-0: Foul Ball, location: 7LDF
0-1: Swinging Strike
0-2: SINGLE (Groundball, 56D, EV 94.4 MPH)
Batting: LHB Seth Beer 0-0: Grounds into double play, 4-6-3 (Groundball, 4, EV 87.5 MPH)
Batting: RHB Yemal Flores 0-0: Ball
1-0: Ball
2-0: DOUBLE (Flyball, 8LXD, EV 106.9 MPH)
Batting: RHB Eddie Burton 0-0: Called Strike
0-1: Ball
1-1: Fly out, F4 (Popup, 13S, EV 82.5 MPH)
Bottom of the 5th over - 0 runs, 2 hits, 0 errors, 1 left on base; Cleveland 0 - Oakland 3
TOP OF THE 6TH
Cleveland Guardians batting - Pitching for Oakland Athletics : RHP Cristian Javier
Batting: RHB Will Smith 0-0: Ball
1-0: Ball
2-0: Called Strike
2-1: Ball
3-1: Base on Balls
Batting: LHB Jim Wolford 0-0: Ball
1-0: Called Strike
1-1: Ball
2-1: Fielders Choice at 2nd, 3-6 (Groundball, 3, EV 81.9 MPH)
Batting: RHB Gabe White Jr. 0-0: Ball
1-0: Called Strike
1-1: Ball
2-1: Grounds into double play, 6-4-3 (Groundball, 6, EV 100.0 MPH)
Top of the 6th over - 0 runs, 0 hits, 0 errors, 0 left on base; Cleveland 0 - Oakland 3
BOTTOM OF THE 6TH
Oakland Athletics batting - Pitching for Cleveland Guardians : RHP Tahnaj Thomas
Pitching: LHP Eric Herley
Batting: RHB Danny Cortes 0-0: Ball
1-0: Foul Ball, location: 9LDF
1-1: Swinging Strike
1-2: Strikes out swinging
Batting: RHB Josh Crowley 0-0: Ball
1-0: Foul Ball, location: 9LSF
1-1: Fly out, F4 (Popup, 23, EV 92.5 MPH)
Batting: SHB Francisco Lindor 0-0: Ball
1-0: Ball
2-0: Ground out 4-3 (Groundball, 4, EV 85.0 MPH)
Bottom of the 6th over - 0 runs, 0 hits, 0 errors, 0 left on base; Cleveland 0 - Oakland 3
TOP OF THE 7TH
Cleveland Guardians batting - Pitching for Oakland Athletics : RHP Cristian Javier
Batting: LHB Chris Lorentz 0-0: Ball
1-0: Called Strike
1-1: Ball
2-1: SOLO HOME RUN (Flyball, 9D, EV 98.1 MPH), Distance : 372 ft
Pitching: RHP Andy Garcia
Batting: RHB Pat Hill 0-0: Foul Ball, location: 7LSF
0-1: Ground out 5-3 (Groundball, 56S, EV 66.9 MPH)
Batting: SHB Alex Vallejo 0-0: Called Strike
0-1: Called Strike
0-2: Strikes out looking
Batting: SHB Joseph Robinson 0-0: Ball
1-0: Ball
2-0: Called Strike
2-1: Ball
3-1: Base on Balls
Batting: LHB Sandy Livermore 0-0: TRIPLE (Flyball, 9LD, EV 103.8 MPH)
Joseph Robinson scores
Batting: LHB Trent Grisham 0-0: Called Strike
0-1: Ball
1-1: Ball
2-1: Foul Ball, location: 3FF
2-2: Fly out, F8 (Flyball, 78D, EV 90.6 MPH)
Top of the 7th over - 2 runs, 2 hits, 0 errors, 1 left on base; Cleveland 2 - Oakland 3
BOTTOM OF THE 7TH
Oakland Athletics batting - Pitching for Cleveland Guardians : LHP Eric Herley
Pitching: RHP Nabil Crismatt
Batting: LHB Quon Ng 0-0: Called Strike
0-1: Foul Ball, location: 2F
0-2: Ground out 4-3 (Groundball, 4, EV 87.5 MPH)
Batting: LHB Ben Hallock 0-0: Ball
1-0: Ball
2-0: Ball
3-0: Called Strike
3-1: Base on Balls
Batting: SHB Chris Carey 0-0: Ball
1-0: Fly out, F9 (Flyball, 9, EV 91.9 MPH)
Batting: LHB Seth Beer 0-0: Ball
1-0: Ball
2-0: Called Strike
2-1: Foul Ball, location: 7LMF
2-2: Ball
3-2: Fly out, F9 (Line Drive, 9S, EV 95.0 MPH)
Bottom of the 7th over - 0 runs, 0 hits, 0 errors, 1 left on base; Cleveland 2 - Oakland 3
TOP OF THE 8TH
Cleveland Guardians batting - Pitching for Oakland Athletics : RHP Andy Garcia
Batting: RHB Will Smith 0-0: Foul Ball, location: 2F
0-1: Foul Ball, location: 9LDF
0-2: Strikes out swinging
Batting: LHB Jim Wolford 0-0: Called Strike
0-1: Called Strike
0-2: Fly out, F7 (Flyball, 78M, EV 91.3 MPH)
Batting: RHB Gabe White Jr. 0-0: Called Strike
0-1: Ball
1-1: Swinging Strike
1-2: Strikes out swinging
Top of the 8th over - 0 runs, 0 hits, 0 errors, 0 left on base; Cleveland 2 - Oakland 3
BOTTOM OF THE 8TH
Oakland Athletics batting - Pitching for Cleveland Guardians : RHP Nabil Crismatt
Batting: RHB Yemal Flores 0-0: Swinging Strike
0-1: Foul Ball, location: 23F
0-2: Ball
1-2: Ball
2-2: Strikes out swinging
Batting: RHB Eddie Burton 0-0: Ball
1-0: Ball
2-0: Foul Ball, location: 7LMF
2-1: Ground out 1-3 (Groundball, 23, EV 76.3 MPH)
Batting: RHB Danny Cortes 0-0: Ball
1-0: Ball
2-0: Called Strike
2-1: Foul Ball, location: 2RF
2-2: Foul Ball, location: 2F
2-2: Ground out 1-3 (Groundball, 15S, EV 70.0 MPH)
Bottom of the 8th over - 0 runs, 0 hits, 0 errors, 0 left on base; Cleveland 2 - Oakland 3
TOP OF THE 9TH
Cleveland Guardians batting - Pitching for Oakland Athletics : RHP Andy Garcia
Pitching: LHP Jared Shoultz
Batting: LHB Chris Lorentz 0-0: Called Strike
0-1: Ball
1-1: Called Strike
1-2: Strikes out swinging
Batting: RHB Pat Hill 0-0: Ball
1-0: Ball
2-0: Fly out, F4 (Line Drive, 6D, EV 69.4 MPH)
Batting: SHB Alex Vallejo 0-0: Called Strike
0-1: Foul Ball, location: 5F
0-2: Ball
1-2: Ball
2-2: Ball
3-2: Base on Balls
Pitching: LHP Bob Levick
Batting: SHB Joseph Robinson 0-0: Ball
1-0: Called Strike
1-1: Called Strike
1-2: Ball
2-2: Ball
3-2: Fly out, F9 (Flyball, 9, EV 93.1 MPH)
Top of the 9th over - 0 runs, 0 hits, 0 errors, 1 left on base; Cleveland 2 - Oakland 3
Wednesday, March 20th , 2024 - OOTP Baseball 24.7 Build 72